 Dungeon Crawl Stone Soup version 0.22.1-1-ga44c0e56f4 (webtiles) character file.

56423 MrROBUST the Eclecticist (level 14, -7/65 HPs)
             Began as a Spriggan Conjurer on Oct 19, 2018.
             Was a High Priest of Sif Muna.
             Hit by a javelin thrown by a merfolk javelineer (24 damage)
             ... on level 1 of the Shoals on Oct 20, 2018.
             The game lasted 02:54:45 (31837 turns).

MrROBUST the Eclecticist (Spriggan Conjurer)       Turns: 31837, Time: 02:54:45

Health: -7/65      AC:  5    Str:  4    XL:     14   Next: 42%
Magic:  10/37      EV: 32    Int: 24    God:    Sif Muna [*****.]
Gold:   668        SH:  5    Dex: 18    Spells: 37/49 levels left

rFire    . . .     SeeInvis +   y - +9 quarterstaff (chaos)
rCold    . . .     Gourm    .   (shield currently unavailable)
rNeg     . . .     Faith    .   m - +2 robe {Archmagi}
rPois    .         Spirit   .   K - +1 hat
rElec    .         Reflect  +   E - scarf {repulsion}
rCorr    .         Harm     .   (gloves unavailable)
MR       ++...                  (boots unavailable)
Stlth    ++++......             B - +5 amulet of reflection
HPRegen  0.20/turn              a - +4 ring of intelligence
MPRegen  0.25/turn              D - +4 ring of evasion

@: repel missiles, very quick
A: very small, unfitting armour, see invisible, herbivore, speed 3, mutation
resistance 1, slow metabolism 2
a: Divine Energy, Channel Magic, Forget Spell, Renounce Religion


You were on level 1 of the Shoals.
You worshipped Sif Muna.
Sif Muna was extremely pleased with you.
You were very hungry.

You visited 4 branches of the dungeon, and saw 20 of its levels.

You collected 1046 gold pieces.
You spent 378 gold pieces at shops.

Inventory:

Hand Weapons
 y - a +9 quarterstaff of chaos (weapon)
Armour
 m - a +2 robe of the Archmagi (worn)
 E - a scarf of repulsion (worn)
 K - a +1 hat (worn)
Jewellery
 a - a +4 ring of intelligence (left hand)
 d - an uncursed ring of flight
 e - an uncursed ring of stealth
 s - an uncursed amulet of the acrobat
 B - a +5 amulet of reflection (around neck)
 D - a +4 ring of evasion (right hand)
 M - the ring "Ocapse" {*Tele Slay+3}
   (You found it on level 6 of the Lair of Beasts)

   [ring of teleportation]

   It may teleport you next to monsters.
   It affects your accuracy and damage with ranged weapons and melee attacks
   (+3).
 N - the amulet of Ulyuf {Spirit MR- Int+3 Dex+2}
   (You found it on level 6 of the Lair of Beasts)

   [amulet of guardian spirit]

   It causes incoming damage to be split between your health and magic.
   It affects your intelligence (+3).
   It affects your dexterity (+2).
   It affects your resistance to hostile enchantments.
 O - an uncursed ring of resist corrosion
Wands
 j - a wand of flame (65)
 l - a wand of enslavement (15)
 n - a wand of clouds (11)
 o - a wand of random effects (49)
 r - a wand of iceblast (26)
 v - a wand of scattershot (10)
 x - a wand of polymorph (29)
 A - a wand of paralysis (4)
 P - a wand of acid (5)
 Q - a wand of disintegration (10)
Scrolls
 b - 11 scrolls of identify
 h - a scroll of blinking
 i - a scroll of fog
 p - 3 scrolls of magic mapping
 q - 2 scrolls of amnesia
 t - 3 scrolls of teleportation
 w - 4 scrolls of fear
 z - 3 scrolls of enchant weapon
 F - 2 scrolls of enchant armour
 G - 2 scrolls of acquirement
 L - 2 scrolls of remove curse
Potions
 f - 3 potions of curing
 g - a potion of brilliance
 k - 4 potions of agility
 u - a potion of cancellation
 C - 3 potions of resistance
 H - a potion of invisibility
 I - 2 potions of haste
 J - a potion of magic
Comestibles
 c - 17 rations


   Skills:
 + Level 3.6 Fighting
 + Level 4.6 Staves
 + Level 11.8 Dodging
 + Level 7.2 Stealth
 + Level 18.1 Spellcasting
 + Level 12.2 Conjurations
   Level 0.1 Hexes
 + Level 0.5 Air Magic
 + Level 5.0 Evocations


You had 37 spell levels left.
You knew the following spells:

 Your Spells              Type           Power        Failure   Level  Hunger
a - Magic Dart            Conj           ####         0%          1    None
b - Searing Ray           Conj           ######       1%          2    None
c - Iskenderun's Mystic   Conj           #######.     1%          4    None
d - Lightning Bolt        Conj/Air       ######....   4%          5    None

Your spell library contained the following spells:

 Spells                   Type           Power        Failure   Level  Hunger
 Flame Tongue             Conj/Fire      #####        1%          1    None
 Throw Flame              Conj/Fire      ######       1%          2    None
 Throw Frost              Conj/Ice       ######       1%          2    None
 Conjure Flame            Conj/Fire      ######..     1%          3    None
 Dazzling Spray           Conj/Hex       ######       1%          3    None
 Force Lance              Conj/Tloc      ######..     1%          4    None
 Fulminant Prism          Conj/Hex       ######....   1%          4    None
 Sticky Flame             Conj/Fire      ######..     1%          4    None
 Throw Icicle             Conj/Ice       ######..     1%          4    None
 Animate Skeleton         Necr           N/A          2%          1    None
 Apportation              Tloc           ####..       2%          1    None
 Confusing Touch          Hex            ####..       2%          1    None
 Freeze                   Ice            ####         2%          1    None
 Summon Butterflies       Summ           ####....     2%          1    None
 Summon Small Mammal      Summ           ####         2%          1    None
 Corpse Rot               Necr           N/A          3%          2    None
 Fireball                 Conj/Fire      ######....   5%          5    None
 Iskenderun's Battlesphe  Conj/Chrm      ######..     5%          5    None
 Venom Bolt               Conj/Pois      ######....   5%          5    None
 Inner Flame              Hex/Fire       ####....     7%          3    None
 Ozocubu's Armour         Chrm/Ice       ####....     7%          3    None
 Recall                   Summ/Tloc      N/A          7%          3    None
 Summon Guardian Golem    Hex/Summ       ####....     7%          3    None
 Bolt of Magma            Conj/Fire/Erth ######....   12%         5    None
 Orb of Destruction       Conj           #######...   13%         7    #####..
 Animate Dead             Necr           N/A          22%         4    None
 Ice Form                 Ice/Tmut       ####....     22%         4    None
 Leda's Liquefaction      Hex/Erth       ####......   22%         4    None
 Summon Ice Beast         Ice/Summ       ####....     22%         4    None
 Bolt of Cold             Conj/Ice       ######....   28%         6    ###....
 Iron Shot                Conj/Erth      ######....   28%         6    ###....
 Aura of Abjuration       Summ           ####......   52%         5    None
 Spellforged Servitor     Conj/Summ      ######....   83%         7    #####..
 Death Channel            Necr           ####......   98%         6    ###....
 Shadow Creatures         Summ           N/A          98%         6    ###....
 Statue Form              Tmut/Erth      ####.....    98%         6    ###....
 Summon Hydra             Summ           ####......   100%        7    #####..
 Shatter                  Erth           ####......   100%        9    #######


Dungeon Overview and Level Annotations

Branches:
Dungeon (12/15)            Temple (1/1) D:6            Lair (6/6) D:10
 Shoals (1/4) Lair:3        Snake (0/4) Lair:4        Slime (0/5) Lair:5
    Orc (0/2) D:11

Altars:
Ashenzari
Cheibriados
Dithmenos
Elyvilon
Nemelex Xobeh
Okawaru
Qazlal
Ru
Sif Muna
Trog
Uskayaw
Vehumet
Zin
Beogh

Shops:
D:7 *   D:9 *

Annotations:
Lair:5 exclusion: 4 oklob plants


Innate Abilities, Weirdness & Mutations

You are very small and have problems with some larger weapons.
You are too small for most types of armour.
You have supernaturally acute eyesight. (SInv)
You are a herbivore.
You cover ground extremely quickly.
You need to consume almost no food.
You are somewhat resistant to further mutation.


Message History

The orb of energy hits the merfolk javelineer.
The merfolk javelineer is moderately wounded.
The faun splashes around in the water.
The merfolk javelineer throws a javelin.
The javelin barely misses you.
Casting: Iskenderun's Mystic Blast (safe; 1% risk of failure)
Confirm with . or Enter, or press ? or * to list all spells.
Aiming: Iskenderun's Mystic Blast (safe; 1% risk of failure)
Press: ? - help, Shift-Dir - straight line, f/p - merfolk javelineer
Aim: a merfolk javelineer, wielding a vampiric spear and wearing a leather You feel a surge of power!
The orb of energy hits the merfolk javelineer.
The merfolk javelineer is heavily wounded.
The orb of energy explodes!
The merfolk throws a tomahawk.
The tomahawk hits you!
* * * LOW HITPOINT WARNING * * *
You block the faun's attack.
The merfolk javelineer throws a javelin.
The javelin hits you!!
You die...

...... .......
...... .......
......###.≈≈≈≈..
.......(...≈≈...
≈...P...(..≈...#
≈≈≈.≈≈≈.......#
≈≈..≈cP((.....##
≈≈≈≈≈≈(@(...m..)
≈≈.P≈≈)(†......≈
≈≈>.###........≈
≈.. #m......≈≈ .
#((....≈≈≈
......≈≈≈≈
..≈≈..≈≈≈≈
≈.....≈≈≈≈≈


You could see a merfolk javelineer, a merfolk and a faun.

Vanquished Creatures
  Rupert (Lair:6)
  2 entropy weavers (Lair:5)
  Nessos (Lair:6)
  11 hydras
  A merfolk avatar (Lair:6)
  Harold (D:11)
  A two-headed ogre (D:8)
  A queen ant (Lair:5)
  Urug (Lair:5)
  The ghost of Cykl0x the Cleaver, a novice GrBe of Trog (D:9)
  A sea snake (Lair:6)
  3 harpies (Lair:6)
  An oklob plant (Lair:5)
  3 fauns (Shoals:1)
  A manticore (Shoals:1)
  A merfolk siren (Lair:3)
  4 elephants
  7 black mambas
  A gargoyle (D:11)
  7 spiny frogs
  7 rime drakes
  10 komodo dragons
  A merfolk (Shoals:1)
  6 polar bears
  13 blink frogs
  Grinder (D:4)
  2 wind drakes
  A hornet (D:7)
  4 slime creatures (Lair:5)
  A snapping turtle (Shoals:1)
  5 hippogriffs
  6 dream sheep (Lair:6)
  2 spriggans
  33 yaks
  6 wyverns
  7 basilisks
  2 neqoxecs (D:9)
  2 hungry ghosts
  Edmund (D:4)
  A warg (Lair:6)
  6 soldier ants (Lair:5)
  18 water moccasins
  9 porcupines
  A sky beast (D:7)
  6 orc warriors
  2 ice beasts
  2 black bears
  2 phantoms
  2 necrophages (D:9)
  2 centaurs
  3 wolves (Lair:2)
  5 ogres
  17 crocodiles
  Blork the orc (D:4)
  A big kobold (D:6)
  A gnoll sergeant (D:7)
  14 bullfrogs
  2 scorpions
  2 troll zombies (D:11)
  5 killer bees (D:7)
  A howler monkey (D:5)
  An electric eel (Lair:3)
  3 crimson imps
  5 quasits
  A centaur zombie (D:6)
  A jelly (D:9)
  5 orc priests
  4 bullfrog skeletons
  7 hounds
  8 orc wizards
  Crazy Yiuf (D:5)
  4 iguanas
  Ijyb (D:3)
  26 worker ants
  6 ogre zombies (D:11)
  A hound zombie (D:11)
  4 gnolls (D:7)
  15 adders
  A howler monkey skeleton (D:9)
  A shadow imp (D:8)
  3 oozes
  2 worms
  An adder skeleton (D:7)
  5 dart slugs
  5 leopard geckos
  44 orcs
  10 bats
  3 giant cockroaches
  14 goblins
  9 hobgoblins
  30 jackals
  10 kobolds
  5 quokkas
  2 ball pythons
  6 frilled lizards
  A giant cockroach zombie (D:6)
  A goblin skeleton (D:11)
  5 goblin zombies (D:11)
  2 hobgoblin skeletons (D:11)
  3 hobgoblin zombies (D:11)
  A leopard gecko skeleton (D:4)
  An orc skeleton (D:11)
  13 orc zombies (D:11)
  A quokka skeleton (D:4)
  3 rats
  5 fungi
  11 plants
554 creatures vanquished.

Vanquished Creatures (others)
  A komodo dragon (Lair:6)
  A bush (D:10)
  39 fungi
  48 plants
89 creatures vanquished.

Grand Total: 643 creatures vanquished

Notes
Turn   | Place    | Note
-------+----------+-------------------------------------------
     0 | D:1      | MrROBUST the Spriggan Conjurer began the quest for the Orb.
     0 | D:1      | Reached XP level 1. HP: 9/9 MP: 5/5
   340 | D:1      | Reached XP level 2. HP: 13/13 MP: 3/6
   402 | D:1      | Learned a level 2 spell: Searing Ray
   999 | D:1      | Reached XP level 3. HP: 16/16 MP: 1/8
  1064 | D:1      | Reached skill level 3 in Spellcasting
  2613 | D:2      | Reached XP level 4. HP: 21/21 MP: 8/10
  3546 | D:3      | Noticed Ijyb
  3582 | D:3      | Killed Ijyb
  3970 | D:3      | Reached skill level 4 in Spellcasting
  3975 | D:3      | Reached XP level 5. HP: 20/24 MP: 3/12
  4560 | D:3      | Gained mutation: You are somewhat resistant to further
                  | mutation. [potion of mutation]
  4642 | D:4      | Noticed Blork the orc
  4656 | D:4      | Noticed Grinder
  5064 | D:4      | Killed Blork the orc
  5064 | D:4      | Reached skill level 5 in Spellcasting
  5064 | D:4      | Reached XP level 6. HP: 13/28 MP: 0/14
  5316 | D:4      | Reached skill level 1 in Evocations
  5450 | D:4      | Noticed Edmund
  5559 | D:4      | Killed Edmund
  5559 | D:4      | Reached skill level 6 in Spellcasting
  5599 | D:4      | Killed Grinder
  5599 | D:4      | Reached skill level 5 in Conjurations
  5599 | D:4      | Reached XP level 7. HP: 22/32 MP: 4/18
  5893 | D:4      | Learned a level 4 spell: Iskenderun's Mystic Blast
  5953 | D:5      | Entered Level 5 of the Dungeon
  6182 | D:5      | Reached skill level 7 in Spellcasting
  6820 | D:5      | Found a runed door.
  7142 | D:5      | Noticed Crazy Yiuf
  7148 | D:5      | Killed Crazy Yiuf
  7367 | D:6      | Found a staircase to the Ecumenical Temple.
  7500 | D:6      | Reached XP level 8. HP: 36/36 MP: 7/20
  7633 | Temple   | Entered the Ecumenical Temple
  7651 | Temple   | Became a worshipper of Sif Muna the Loreminder
  7912 | D:6      | Reached skill level 8 in Spellcasting
  8288 | D:6      | Found a shadowy altar of Dithmenos.
  8942 | D:7      | Noticed a hornet
  8966 | D:7      | Killed a hornet
  8966 | D:7      | Reached skill level 5 in Dodging
  9181 | D:7      | Reached skill level 9 in Spellcasting
  9343 | D:7      | Reached * piety under Sif Muna
  9353 | D:7      | Reached skill level 1 in Fighting
  9353 | D:7      | Reached XP level 9. HP: 41/41 MP: 3/23
  9560 | D:7      | Found Unibodgh's Assorted Antiques.
  9571 | D:7      | Bought a dented bone amulet for 155 gold pieces
  9571 | D:7      | Bought a purple potion for 27 gold pieces
  9571 | D:7      | Bought a scroll labeled LARESOPOFE for 31 gold pieces
  9715 | D:7      | Reached skill level 1 in Staves
 10139 | D:7      | Reached skill level 5 in Stealth
 10347 | D:7      | Learned a level 4 spell: Force Lance
 10399 | D:8      | Reached skill level 10 in Spellcasting
 10696 | D:8      | Reached ** piety under Sif Muna
 11023 | D:8      | Noticed a two-headed ogre
 11028 | D:8      | Killed a two-headed ogre
 11788 | D:9      | Found a transporter.
 11796 | D:9      | Noticed Cykl0x's ghost (novice GrBe)
 11855 | D:9      | Reached XP level 10. HP: 34/46 MP: 19/25
 12196 | D:9      | Found Qenadd's General Store.
 12209 | D:9      | Bought a ration for 75 gold pieces
 12209 | D:9      | Bought 3 scrolls of identify for 90 gold pieces
 12381 | D:9      | Found a transporter.
 12716 | D:9      | Reached skill level 11 in Spellcasting
 12890 | D:9      | Killed Cykl0x's ghost
 13377 | D:9      | Reached *** piety under Sif Muna
 13721 | D:9      | Found a roughly hewn altar of Beogh.
 13884 | D:10     | Entered Level 10 of the Dungeon
 14456 | D:10     | Reached skill level 12 in Spellcasting
 14482 | D:10     | Reached XP level 11. HP: 43/50 MP: 3/28
 14642 | D:10     | Found a staircase to the Lair.
 14720 | D:10     | Found a shattered altar of Ashenzari.
 14880 | D:10     | Reached skill level 5 in Evocations
 15020 | D:11     | Reached **** piety under Sif Muna
 15673 | D:11     | Noticed Harold
 15678 | D:11     | Killed Harold
 16398 | D:11     | Found a staircase to the Orcish Mines.
 16624 | D:11     | Found a bloodstained altar of Trog.
 16910 | Lair:1   | Entered Level 1 of the Lair of Beasts
 16935 | Lair:1   | Reached skill level 13 in Spellcasting
 18101 | Lair:2   | Reached ***** piety under Sif Muna
 18542 | Lair:2   | Reached skill level 10 in Dodging
 18897 | Lair:2   | Noticed a seven-headed hydra
 18903 | Lair:2   | Killed a seven-headed hydra
 18903 | Lair:2   | Identified Sif Muna's Papyrus of the Escort (Sif Muna
                  | gifted it to you on level 2 of the Lair of Beasts)
 18903 | Lair:2   | Received a gift from Sif Muna
 19067 | Lair:2   | Reached XP level 12. HP: 56/56 MP: 10/30
 19248 | Lair:2   | Reached skill level 14 in Spellcasting
 19575 | Lair:3   | Noticed a five-headed hydra
 19945 | Lair:3   | Reached skill level 10 in Conjurations
 20268 | Lair:3   | Noticed a seven-headed hydra
 20285 | Lair:3   | Killed a seven-headed hydra
 20457 | Lair:3   | Found a staircase to the Shoals.
 20516 | Lair:3   | Killed a five-headed hydra
 20848 | Lair:3   | Reached skill level 15 in Spellcasting
 21457 | Lair:3   | Identified 2 scrolls of acquirement
 21855 | Lair:4   | Found a staircase to the Snake Pit.
 22350 | Lair:4   | Identified Sif Muna's Almanac of Damaging Necromancy (Sif
                  | Muna gifted it to you on level 4 of the Lair of Beasts)
 22350 | Lair:4   | Received a gift from Sif Muna
 22476 | Lair:4   | Learned a level 5 spell: Lightning Bolt
 22494 | Lair:4   | Noticed a six-headed hydra
 22507 | Lair:4   | Killed a six-headed hydra
 22507 | Lair:4   | Noticed a seven-headed hydra
 22634 | Lair:4   | Killed a seven-headed hydra
 22663 | Lair:4   | Reached skill level 16 in Spellcasting
 23396 | Lair:5   | Found a staircase to the Slime Pits.
 23409 | Lair:5   | Reached XP level 13. HP: 60/60 MP: 7/34
 23752 | Lair:5   | Noticed an entropy weaver
 23963 | Lair:5   | Killed an entropy weaver
 25104 | Lair:5   | Noticed an entropy weaver
 25121 | Lair:5   | Killed an entropy weaver
 26303 | Lair:6   | Entered Level 6 of the Lair of Beasts
 26315 | Lair:6   | Noticed Nessos
 26791 | Lair:6   | Identified Sif Muna's Disquisition on Moulding and
                  | Companions (Sif Muna gifted it to you on level 6 of the
                  | Lair of Beasts)
 26791 | Lair:6   | Received a gift from Sif Muna
 26931 | Lair:6   | Learned a level 3 spell: Summon Guardian Golem
 26975 | Lair:6   | Reached skill level 17 in Spellcasting
 28064 | Lair:6   | Noticed Urug
 28241 | Lair:5   | Killed Urug
 29155 | Lair:6   | Reached XP level 14. HP: 65/65 MP: 13/36
 29933 | Lair:6   | Killed Nessos
 30215 | Lair:6   | Received a gift from Sif Muna
 30367 | Lair:6   | Noticed Rupert
 30412 | Lair:6   | Killed Rupert
 30677 | Lair:6   | Reached skill level 18 in Spellcasting
 30879 | Lair:6   | Got a slimy granite ring
 30881 | Lair:6   | Got a scorched ivory amulet
 31345 | Lair:6   | Identified the ring "Ocapse" {*Tele Slay+3} (You found it
                  | on level 6 of the Lair of Beasts)
 31346 | Lair:6   | Identified the amulet of Ulyuf {Spirit MR- Int+3 Dex+2}
                  | (You found it on level 6 of the Lair of Beasts)
 31547 | Shoals:1 | Entered Level 1 of the Shoals
 31837 | Shoals:1 | Hit by a javelin thrown by a merfolk javelineer

Skill      XL: |  1  2  3  4  5  6  7  8  9 10 11 12 13 14 |
---------------+-------------------------------------------+-----
Conjurations   | 3 4 5 6 7 8 9 10 11 12 | 12.2
Spellcasting   | 3 4 5 6 7 9 10 12 13 16 17 18 | 18.1
Stealth        | 4 5 6 7 |  7.2
Evocations     | 2 3 4 5 |  5.0
Dodging        | 4 5 7 8 10 11 | 11.8
Fighting       | 1 2 3 |  3.6
Staves         | 2 3 4 |  4.6
Hexes          | |  0.1
Air Magic      | |  0.5

Action                   |  1- 3 |  4- 6 |  7- 9 | 10-12 | 13-15 || total
-------------------------+-------+-------+-------+-------+-------++-------
Melee: Unarmed           |     6 |       |       |       |       ||     6
       Quarterstaff      |       |       |    24 |    57 |    77 ||   158
 Cast: Magic Dart        |   120 |   202 |   263 |   374 |    70 ||  1029
       Searing Ray       |     2 |       |    30 |    60 |     3 ||    95
       Iskenderun's Myst |       |       |    13 |   197 |   304 ||   514
       Force Lance       |       |       |     2 |       |       ||     2
       Lightning Bolt    |       |       |       |     4 |     9 ||    13
       Summon Guardian G |       |       |       |       |     5 ||     5
Invok: Divine Energy     |       |       |       |     1 |       ||     1
       Forget Spell      |       |       |       |     1 |       ||     1
       Stop Divine Energ |       |       |       |       |     1 ||     1
Evoke: Wand              |       |    22 |       |    14 |       ||    36
  Use: Scroll            |     3 |     5 |     9 |    13 |     5 ||    35
       Potion            |       |     6 |     5 |       |     2 ||    13
 Stab: Confused          |       |       |     1 |       |       ||     1
       Petrifying        |       |       |       |     1 |       ||     1
  Eat: Ration            |       |     1 |     4 |     6 |     3 ||    14
Armor: Robe              |     3 |     5 |    24 |    23 |     9 ||    64
Dodge: Dodged            |    43 |    36 |   160 |   393 |   245 ||   877
       Deflected         |       |       |       |     2 |    11 ||    13
Block: Other             |       |       |       |    11 |    55 ||    66
       Reflection        |       |       |       |       |     4 ||     4
